 Seeded DCSS version 0.29-a0-887-gcbe080d7e0 (webtiles) character file.

Game seed: 20220722 (custom seed)

0 flotson the Sneak (level 1, -1/18 HPs)
             Began as a Demonspawn Delver on July 22, 2022.
             Slain by a hobgoblin (4 damage)
             ... on level 4 of the Dungeon.
             The game lasted 00:01:19 (110 turns).

flotson the Sneak (Demonspawn Delver)                Turns: 110, Time: 00:01:20

Health: -1/18      AC:  3    Str: 12    XL:     1   Next: 0%
Magic:  1/1        EV: 11    Int: 11    God:
Gold:   9          SH:  0    Dex: 14    Spells: 0/0 levels left

rFire   . . .      SeeInvis .   h - +0 glaive
rCold   . . .      Faith    .   (shield currently unavailable)
rNeg    . . .      Spirit   .   b - +0 leather armour
rPois   .          Reflect  .   (no helmet)
rElec   .          Harm     .   (no cloak)
rCorr   .          Rampage  .   (no gloves)
Will    .....                   (no boots)
Stlth   ++........              (no amulet)
HPRegen 0.06/turn               (no ring)
MPRegen 0.07/turn               (no ring)

@: lethally poisoned (-1 -> -6), hasted, very quick
A: no striking features
a: no special abilities


You were on level 4 of the Dungeon.
You visited 1 branch of the dungeon, and saw 2 of its levels.

You collected 9 gold pieces.

Inventory:

Hand Weapons
 a - a +0 spear
 h - a +0 glaive (weapon)
Armour
 b - a +0 leather armour (worn)
Wands
 g - a wand of digging (3)
 i - a wand of roots (14)
Scrolls
 c - a scroll of fog
 e - a scroll of fear
 j - a scroll of immolation {unknown}


   Skills:
 + Level 3.0 Fighting
 + Level 0.0(1.0) Axes
 - Level 1.7 Polearms
 + Level 0.0 Armour
 + Level 1.7 Dodging
 - Level 4.5 Stealth
 + Level 0.0 Evocations


You couldn't memorise any spells.
You didn't know any spells.
Your spell library was empty.

Dungeon Overview and Level Annotations

Branches:
Dungeon (5/15)
 Temple: D:4-7

Altars:
Ru


Message History

A goblin comes into view. It is wielding a +0 dagger.
The kobold throws a stone.
The stone hits you.
An endoplasm comes into view.
The endoplasm quivers.
You hit the hobgoblin.
The hobgoblin is severely wounded.
The adder bites you.
An orc comes into view. It is wielding a +0 short sword.
The hobgoblin hits you but does no damage.
The adder bites you.
You feel yourself speed up. The hobgoblin hits you.
The adder barely misses you.
You closely miss the adder. The adder closely misses you.
The hobgoblin misses you.
An orc comes into view. It is wielding a +0 club.
Unknown command.
You closely miss the adder. The adder bites you.
You are poisoned.
The adder poisons you! The hobgoblin hits you.
Unknown command.
You closely miss the adder.
You feel sick. The adder closely misses you. The hobgoblin hits you.
* * * LOW HITPOINT WARNING * * *
The adder bites you but does no damage.
Unknown command.
You aren't carrying any potions.
Aiming: Fastroot
Press: ? - help, Shift-Dir - straight line, f - adder
Aim: an adder The roots erupt in riotous growth!
Roots grab the adder.
Roots grab the kobold.
The goblin shouts!
The grasping roots constrict the adder.
The grasping roots constrict the kobold.
You kill the kobold!
* * * LOW HITPOINT WARNING * * *
You feel sick.
You hear a shout! x8; You hear an angry hiss.
The hobgoblin hits you.
You die...

#.# *..#.#.# *,,,****,**** ##.##
*#.#...# ***,,.,,,,,,*
....####.#..#* *,..,,.,,,*
#.#.#.#.#...######.o.,..,,,*
...........K........,...,,,*
#.##+##.#.........!,o...,,,******
..*,,,#..#.....#**,..g..<,,,,,,,,
#.+,,,+.#.....####......,,,,,****
..*,,,#..#.##g)S@gJ<....,,,,,,,,,
*,**+*#(#.....####..####*,≈≈≈,≈≈≈
,,,,,....>..#..,,,,....**,≈,,,,,,
*,*,#.#.##.?.....,,,...#*,≈,,≈≈≈≈
,,,...g.g..$.....,,,,...,,≈,≈,,,≈
,,..K#####..###...,,,,.#,,≈,≈,_,≈
**..,****...#**.#..,,,*#*,≈,≈,,,≈
*,,,,,,,....,,,,*,,,,,***,≈,≈≈≈≈≈
,,,*,,,**,,,,,,,,,*,,,,**,≈,,,,,,


You could see an adder (rooted), an orc, an endoplasm, 2 hobgoblins and a
goblin.

Vanquished Creatures
  A kobold (D:4)
1 creature vanquished.

Notes
Turn   | Place    | Note
-------+----------+-------------------------------------------
     0 | D:5      | flotson the Demonspawn Delver began the quest for the Orb.
     0 | D:5      | Reached XP level 1. HP: 18/18 MP: 1/1
    15 | D:5      | Found a sacrificial altar of Ru.
    59 | D:5      | Noticed an ogre
    60 | D:5      | Noticed a hound
   110 | D:4      | Slain by a hobgoblin

Illustrated notes

Levels and vault maps discovered:
D:4:      layout_rooms, mainiacjoe_overflow_concentric_impassable,
          nicolae_eternal_life, minmay_misc_feat_doors
D:5:      layout_gridville, old_standard_altar, zin_academy, uniq_menkaure

Action                   || total
-------------------------++-------
Melee: Glaive            ||     4
Evoke: Wand              ||     1
  Use: Scroll            ||     1
       Potion            ||     1
Armor: Leather armour    ||     2
Dodge: Dodged            ||     6

Table legend: (Time is in decaauts)
 A = Elapsed time spent in this place.
 B = Non-inter-level travel time spent in this place.
 C = Inter-level travel time spent in this place.
 D = Time resting spent in this place.
 E = Time spent auto-exploring this place.
 F = Levels seen in this place.
 G = Mean time per level.
                   A        B        C        D        E       F      G
               +--------+--------+--------+--------+--------+-----+--------+
         Total |    110 |    110 |      0 |      0 |      0 |   2 |   55.0 |
       Dungeon |    110 |    110 |      0 |      0 |      0 |   2 |   55.0 |
               +--------+--------+--------+--------+--------+-----+--------+

Top non-repeatable levels by time:
     D:5: 82 daAuts
     D:4: 27 daAuts
